 Dungeon Crawl Stone Soup version 0.24-a0-29-g43a6aff (webtiles) character file.

Game seed: 12785093284098118076

106714 BoomRat the Slicer (level 16, -5/126 HPs)
             Began as a Barachi Summoner on Feb 2, 2019.
             Was the Champion of Wu Jian.
             Killed from afar by Nikola (22 damage)
             ... with a chain lightning
             ... on level 2 of the Snake Pit.
             The game lasted 04:02:31 (32805 turns).

BoomRat the Slicer (Barachi Summoner)              Turns: 32805, Time: 04:02:33

Health: -5/126     AC: 27    Str: 18    XL:     16   Next: 44%
Magic:  31/31      EV: 19    Int: 18    God:    Wu Jian [******]
Gold:   918        SH: 13    Dex: 14    Spells: 7/37 levels left

rFire    . . .     SeeInvis .   a - +8 rapier (venom)
rCold    . . .     Gourm    .   J - +2 shield
rNeg     + + +     Faith    .   V - +6 scale mail of Makhleb's Pride {Int+2}
rPois    +         Spirit   .   B - +2 helmet
rElec    .         Reflect  .   S - +2 cloak
rCorr    .         Harm     .   X - +1 pair of gloves {Str+3}
MR       .....                  g - +1 pair of boots of Lacotune {*Drain rPois rN+++ MR-}
Stlth    +.........             N - amulet of regeneration
HPRegen  0.71/turn              F - +6 ring of evasion
MPRegen  0.22/turn              j - ring of wizardry

@: silence, studying Dodging, slow
A: +LOS, swims, slowness 1, strong legs 2
a: Hop, Wall Jump, Renounce Religion


You were on level 2 of the Snake Pit.
You worshipped Wu Jian.
Wu Jian was exalted by your worship.
You were hungry.

You visited 5 branches of the dungeon, and saw 26 of its levels.
You visited the Abyss 1 time.
You also visited: Bailey and Gauntlet.

You collected 3337 gold pieces.
You spent 2419 gold pieces at shops.

Inventory:

Hand Weapons
 a - a +8 rapier of venom (weapon)
 b - a +5 quick blade
 y - a +2 scimitar of flaming
Missiles
 f - 25 javelins (quivered)
Armour
 g - the +1 pair of boots of Lacotune (worn) {*Drain rPois rN+++ MR-}
   (You found it in a Gauntlet)

   It protects you from poison.
   It renders you almost immune to negative energy.
   It affects your resistance to hostile enchantments.
   It causes draining when unequipped.
 B - a +2 helmet (worn)
 J - a +2 shield (worn)
 M - the +2 leather armour of Complete Protection {MR+ Str+4}
   (You bought it in a shop on level 2 of the Orcish Mines)

   It affects your strength (+4).
   It affects your resistance to hostile enchantments.
 R - the +6 large shield of Free Expression {+Blink +Fly Str+2 Dex+3}
   (You acquired it on level 2 of the Snake Pit)

   It affects your strength (+2).
   It affects your dexterity (+3).
   It lets you fly.
   It lets you blink.
 S - a +2 cloak (worn)
 V - the +6 scale mail of Makhleb's Pride (worn) {Int+2}
   (You found it on level 2 of the Snake Pit)

   It affects your intelligence (+2).
 X - a +1 pair of gloves of strength (worn)
 Y - a +1 troll leather armour
Jewellery
 j - a ring of wizardry (right hand)
 q - an uncursed ring of protection from fire
 s - an uncursed ring of ice
 w - the ring of the Death Scarab {AC+3 Int+7 SInv}
   (You bought it in a shop on level 1 of the Snake Pit)

   [ring of protection]

   It affects your AC (+3).
   It affects your intelligence (+7).
   It lets you see invisible.
 F - a +6 ring of evasion (left hand)
 G - a +2 ring of evasion
 N - an amulet of regeneration (around neck)
 U - an uncursed ring of positive energy {unknown}
Wands
 n - a wand of disintegration (9)
 x - a wand of iceblast (6)
 z - a wand of random effects (12)
 C - a wand of digging (5)
 E - a wand of scattershot (6)
 L - a wand of flame (41)
Scrolls
 e - 10 scrolls of teleportation
 h - 2 scrolls of fear
 k - 9 scrolls of remove curse
 l - a scroll of fog
 t - 2 scrolls of blinking
 T - a scroll of holy word
 W - 4 scrolls of magic mapping
Potions
 d - 2 potions of cancellation
 i - 5 potions of invisibility
 m - a potion of magic
 o - 3 potions of ambrosia
 r - 3 potions of berserk rage
 u - 6 potions of might
 v - 11 potions of curing
 A - a potion of flight
 D - 3 potions of haste
 H - a potion of agility
 I - 4 potions of brilliance
 O - 2 potions of resistance
 P - 3 potions of lignification
 Q - 5 potions of heal wounds
Books
 Z - a manual of Dodging
Miscellaneous
 p - a lamp of fire
Comestibles
 c - 34 rations


   Skills:
 - Level 11.4 Fighting
 - Level 14.0 Short Blades
 - Level 13.0 Armour
 - Level 8.4 Dodging
 - Level 5.1 Stealth
 + Level 7.9 Shields
 - Level 11.1 Spellcasting
 - Level 3.5 Conjurations
 - Level 3.5 Hexes
 - Level 12.0 Summonings
 - Level 4.1 Necromancy
 - Level 3.0 Translocations
 - Level 3.0 Fire Magic
 - Level 3.1 Ice Magic
 - Level 8.2 Air Magic
 - Level 4.8 Earth Magic


You had 7 spell levels left.
You knew the following spells:

 Your Spells              Type           Power        Failure   Level  Hunger
a - Summon Small Mammal   Summ           ####         1%          1    None
c - Summon Lightning Spi  Summ/Air       #####...     2%          4    ##.....
d - Confusing Touch       Hex            ###...       4%          1    None
e - Summon Ice Beast      Ice/Summ       #####...     8%          4    ##.....
f - Summon Guardian Gole  Hex/Summ       #####...     2%          3    None
g - Blink                 Tloc           N/A          8%          2    None
h - Apportation           Tloc           ###...       4%          1    None
i - Conjure Flame         Conj/Fire      ###.....     13%         3    None
j - Borgnjor's Vile Clut  Necr/Erth      ####......   56%         5    #####..
k - Shadow Creatures      Summ           N/A          19%         6    ######.

Your spell library contained the following spells:

 Spells                   Type           Power        Failure   Level  Hunger
 Call Imp                 Summ           ######..     1%          2    None
 Call Canine Familiar     Summ           ######..     1%          3    None
 Animate Skeleton         Necr           N/A          3%          1    None
 Corona                   Hex            ###....      4%          1    None
 Magic Dart               Conj           ###.         4%          1    None
 Ensorcelled Hibernation  Hex/Ice        ###...       6%          2    None
 Slow                     Hex            ###.....     6%          2    None
 Mephitic Cloud           Conj/Pois/Air  ###.....     11%         3    None
 Inner Flame              Hex/Fire       ###.....     13%         3    None
 Portal Projectile        Hex/Tloc       ###...       13%         3    None
 Beastly Appendage        Tmut           #.....       16%         1    None
 Sticks to Snakes         Tmut           #.......     26%         2    None
 Leda's Liquefaction      Hex/Erth       ####......   28%         4    ##.....
 Cause Fear               Hex            ###.......   36%         4    ##.....
 Silence                  Hex/Air        ####......   38%         5    #####..
 Spider Form              Tmut/Pois      #.........   43%         3    None
 Ice Form                 Ice/Tmut       ###.....     61%         4    ##.....
 Irradiate                Conj/Tmut      ###.......   89%         5    #####..
 Yara's Violent Unravell  Hex/Tmut       ###.......   89%         5    #####..
 Blade Hands              Tmut           #.........   98%         5    #####..
 Darkness                 Hex            ###.......   99%         6    ######.
 Deflect Missiles         Chrm/Air       ###.......   99%         6    ######.
 Dispersal                Tloc           ###.......   99%         6    ######.
 Malign Gateway           Summ/Tloc      #####.....   99%         7    #######
 Hydra Form               Tmut           #.........   100%        6    ######.
 Statue Form              Tmut/Erth      ###......    100%        6    ######.
 Dragon Form              Tmut           #.........   100%        7    #######
 Ring of Flames           Chrm/Fire      ###.......   100%        7    #######
 Discord                  Hex            ###.......   100%        8    #######


Dungeon Overview and Level Annotations

Branches:
Dungeon (15/15)            Temple (1/1) D:5            Lair (6/6) D:10
 Shoals (0/4) Lair:2        Snake (2/4) Lair:2        Slime (0/5) Lair:5
    Orc (2/2) D:10            Elf (0/3) Orc:2        Vaults (0/5) D:13
 Depths (0/5) D:15

Altars:
Ashenzari
Cheibriados
Dithmenos
Elyvilon
Fedhas
Gozag
Kikubaaqudgha
Makhleb
Nemelex Xobeh
Okawaru
Qazlal
Ru
Sif Muna
Trog
Uskayaw
Vehumet
Wu Jian
Xom
Yredelemnul
Zin
The Shining One
Beogh

Shops:
D:12 *   Orc:2 %!([([*=[   Snake:1 [}=}

Portals:
Hell: Lair:6

Annotations:
D:2 2 transporters
D:5 exclusion: 2 downstairs
D:10 exclusion: downstairs
D:11 exclusion: downstairs
D:12 1 runed translucent door, exclusion: 4 orange crystal statues, Erolcha
D:14 exclusion: downstairs
Lair:2 2 runed translucent doors, Inarius's ghost, journeyman FeFi
Snake:2 Nikola


Innate Abilities, Weirdness & Mutations

Shadows flee at your approach. (+LOS)
You can swim through water.
You cover ground slowly.
You can hop long distances.


Message History

Unknown command.
You spin and attack Nikola repeatedly.
You closely miss Nikola.
Nikola is moderately wounded.
You hit Nikola.
Nikola looks as sick as possible!
Nikola is heavily wounded.
Nikola hits you but does no damage.
Unknown command.
Nikola mumbles some strange words.
The lightning arc hits you!!
The lightning arc hits Nikola.
The lightning arc hits you!
The lightning arc hits Nikola!
The lightning arc hits you!!
* * * LOW HITPOINT WARNING * * *
You lunge at Nikola, in a flurry of attacks.
You barely miss Nikola.
Nikola is heavily wounded.
You puncture Nikola!
Nikola looks as sick as possible!
Nikola is heavily wounded.
Nikola casts a spell.
The lightning arc hits you!!
You die...

......##.#..# #..# #....#)))....
##....###...# #..# #...###.......
##.....##...# #..##...# #.......
........#...# #.......# ##.......
.....#......###.......# #.......#
.....##......##.......# #.......#
..............#......# ##.......#
...##...#....##......# #........#
.>.###..##......@....###.........
...###.........@......#........##
.....[..#...####..............##
...........## ##............##
#.........#.# ##...###.....##
#..........#.# #...## ##....##
#...........####....## #..†..##
.............##......###......###
........###...........##......<..


You could see Nikola.

Vanquished Creatures
  Asterion (Snake:1)
  A dire elephant (Lair:6)
  A minotaur (Gauntlet)
  Harold (Orc:1)
  A vault guard (D:13)
  A catoblepas (Lair:3)
  5 centaur warriors
  A naga warrior (Snake:1)
  2 hydras
  2 anacondas (Snake:1)
  A death yak (Lair:4)
  4 two-headed ogres
  Urug (D:12)
  3 naga sharpshooters (Snake:1)
  A sun demon (Lair:6)
  2 shock serpents (Snake:1)
  A skeletal warrior (D:15)
  2 unseen horrors
  A wizard (D:15)
  An orc knight (Bailey)
  3 mana vipers
  5 ugly things
  A cyclops (Orc:2)
  3 salamanders
  10 black mambas
  2 manticores
  7 elephants
  5 centaur zombies
  2 naga magi (Snake:1)
  An apocalypse crab (Gauntlet)
  2 orange demons (Lair:6)
  8 spiny frogs
  A gargoyle (D:12)
  A kobold demonologist (D:12)
  A minotaur zombie (Gauntlet)
  A rime drake (Lair:6)
  7 komodo dragons
  A hellwing (Lair:6)
  2 ice devils (Lair:6)
  4 trolls
  A wind drake (shapeshifter) (D:12)
  A snapping turtle (Lair:2)
  9 blink frogs
  4 flying skulls (Gauntlet)
  5 hippogriffs
  A centaur simulacrum (D:15)
  32 yaks
  Sigmund (D:6)
  A wraith (D:13)
  2 hogs (Snake:1)
  3 humans (D:13)
  2 wyverns
  2 basilisks
  A vampire mosquito (D:15)
  A steam dragon (D:12)
  5 nagas
  2 acid dragons
  2 wargs (Orc:2)
  2 hell hounds (Lair:6)
  6 porcupines
  Duvessa (D:6)
  8 water moccasins
  25 orc warriors
  An eye of draining (D:15)
  8 sky beasts
  A phantom (D:5)
  An ice beast (D:5)
  A black bear (Lair:5)
  A wolf (Lair:4)
  12 ogres
  12 centaurs
  12 crocodiles
  A big kobold (D:9)
  A wyvern zombie (D:7)
  18 bullfrogs
  Dowan (D:6)
  5 scorpions
  3 wyvern skeletons
  14 killer bees
  2 wights (D:8)
  4 howler monkeys
  An electric eel (D:14)
  9 crimson imps
  5 hounds
  8 orc priests
  5 jellies
  15 orc wizards
  A bullfrog zombie (D:5)
  4 centaur skeletons
  6 bullfrog skeletons
  Jessica (D:3)
  2 iguanas
  Terence (D:3)
  6 worker ants
  A killer bee zombie (D:8)
  2 hound zombies
  A hound skeleton (D:3)
  2 worker ant zombies
  5 gnolls
  4 adders
  3 shadow imps
  An ooze (D:9)
  5 adder skeletons
  A worm (D:2)
  A dart slug (D:2)
  5 leopard geckos
  48 orcs
  6 bats
  3 giant cockroaches
  7 hobgoblins
  9 jackals
  20 kobolds
  6 quokkas
  7 frilled lizards
  9 goblins
  A jackal zombie (D:7)
  2 leopard gecko skeletons
  4 quokka zombies
  7 rats
  A fungus (Lair:6)
540 creatures vanquished.

Vanquished Creatures (collateral kills)
  Kirke (Snake:1)
  2 orc warlords
  An ogre mage (D:15)
  A naga warrior (Snake:2)
  4 hydras
  A catoblepas (Lair:4)
  An anaconda (Snake:2)
  A death knight (D:15)
  A two-headed ogre (D:14)
  A queen ant (shapeshifter) (D:13)
  An orc high priest (Orc:2)
  A shock serpent (Snake:1)
  2 naga sharpshooters (Snake:1)
  2 skeletal warriors (D:15)
  A wizard (Lair:6)
  2 naga ritualists (Snake:1)
  An orc knight (Orc:2)
  A necromancer (D:15)
  4 mana vipers
  A deep elf mage (D:13)
  A manticore (D:13)
  12 ugly things
  6 orc sorcerers
  4 oklob plants (Lair:2)
  5 cyclopes
  A salamander (Snake:1)
  8 black mambas
  An orange demon (Lair:6)
  7 naga magi
  5 spiny frogs
  An efreet (D:15)
  2 centaur skeletons
  A rime drake (Lair:6)
  A red devil (Lair:6)
  3 komodo dragons
  5 trolls
  A queen bee (Gauntlet)
  A meliai zombie (D:12)
  2 hippogriffs
  7 blink frogs
  A flying skull (Gauntlet)
  A centaur simulacrum (D:15)
  2 wraiths
  A vampire (D:14)
  8 humans (D:13)
  A basilisk (Lair:2)
  A steam dragon (D:11)
  26 yaks
  A vampire mosquito (D:15)
  3 hungry ghosts
  2 wargs (Orc:2)
  A soldier ant (D:11)
  16 nagas
  An acid dragon (D:11)
  2 hell hounds (Lair:6)
  5 water moccasins
  A porcupine (Lair:2)
  2 phantoms
  A hornet zombie (D:13)
  2 ice beasts
  19 orc warriors
  A necrophage (D:13)
  An eye of draining (D:15)
  A black bear (D:9)
  2 wolves (Lair:4)
  2 ogres
  6 centaurs
  2 crocodiles
  2 bullfrogs
  3 scorpions
  6 killer bees
  3 wights
  2 howler monkeys (D:13)
  2 bullfrog zombies
  7 crimson imps
  2 quasits
  2 hounds
  16 orc priests
  8 jellies
  A bullfrog skeleton (D:13)
  An iguana (D:12)
  15 orc wizards
  A worker ant (D:12)
  Robin (D:3)
  An adder (D:3)
  3 shadow imps
  4 white imps (D:9)
  8 oozes
  A worm (D:2)
  2 dart slugs (D:1)
  2 leopard geckos
  56 orcs
  5 goblins
  6 hobgoblins
  2 jackals (D:2)
  5 kobolds
  2 bats (D:1)
  A frilled lizard (D:1)
  2 rats
  A plant (Lair:2)
389 creatures vanquished.

Vanquished Creatures (others)
  Saint Roka (Snake:2)
  A naga ritualist (Snake:2)
  4 humans (Snake:1)
  An orc (Orc:2)
  4 fungi
  3 plants
14 creatures vanquished.

Grand Total: 943 creatures vanquished

Notes
Turn   | Place    | Note
-------+----------+-------------------------------------------
     0 | D:1      | BoomRat the Barachi Summoner began the quest for the Orb.
     0 | D:1      | Reached XP level 1. HP: 13/13 MP: 3/3
   372 | D:1      | Reached skill level 5 in Summonings
   373 | D:1      | Reached XP level 2. HP: 18/19 MP: 1/5
   417 | D:1      | Learned a level 2 spell: Call Imp
  1810 | D:2      | Reached XP level 3. HP: 17/24 MP: 2/7
  1890 | D:2      | Found a transporter.
  1894 | D:2      | Found a transporter.
  1894 | D:2      | Found a glowing golden altar of the Shining One.
  2185 | D:2      | Noticed an orc warrior
  2195 | D:2      | Killed an orc warrior
  2195 | D:2      | Reached skill level 1 in Short Blades
  2195 | D:2      | Reached XP level 4. HP: 25/31 MP: 6/9
  2195 | D:2      | Reached XP level 5. HP: 29/36 MP: 6/10
  2282 | D:2      | Learned a level 4 spell: Summon Lightning Spire
  2555 | D:2      | Reached skill level 1 in Fighting
  2709 | D:3      | Noticed Robin
  2725 | D:3      | Killed Robin
  2891 | D:3      | Noticed Jessica
  2902 | D:3      | Killed Jessica
  2902 | D:3      | Reached skill level 1 in Air Magic
  3074 | D:3      | Noticed Terence
  3115 | D:3      | Reached skill level 2 in Short Blades
  3115 | D:3      | Reached XP level 6. HP: 43/43 MP: 9/12
  3132 | D:3      | Killed Terence
  3781 | D:4      | Got a warped chain mail
  3792 | D:4      | Identified the cursed +0 chain mail of Biaqoinedgh {*Slow
                  | rPois Str-5 Slay+5} (You found it on level 4 of the
                  | Dungeon)
  3831 | D:4      | Reached skill level 1 in Armour
  4109 | D:4      | Found a snail-covered altar of Cheibriados.
  4357 | D:5      | Entered Level 5 of the Dungeon
  4357 | D:5      | Noticed a sky beast
  4364 | D:5      | Reached skill level 3 in Short Blades
  4369 | D:5      | Killed a sky beast
  4369 | D:5      | Reached XP level 7. HP: 49/49 MP: 13/13
  4377 | D:5      | Found a staircase to the Ecumenical Temple.
  4393 | Temple   | Entered the Ecumenical Temple
  4490 | Temple   | Became a worshipper of the Wu Jian Council
  4661 | D:5      | Reached skill level 4 in Short Blades
  5005 | D:5      | Reached skill level 5 in Armour
  5005 | D:5      | Reached XP level 8. HP: 27/56 MP: 14/14
  5252 | D:5      | Reached skill level 5 in Short Blades
  5260 | D:5      | Found a white marble altar of Elyvilon.
  6596 | D:6      | Noticed Sigmund
  6894 | D:6      | Reached skill level 6 in Short Blades
  7298 | D:6      | Reached * piety under Wu Jian
  7441 | D:6      | Killed Sigmund
  7441 | D:6      | Reached XP level 9. HP: 57/61 MP: 15/15
  7709 | D:6      | Found a shattered altar of Ashenzari.
  7710 | D:6      | Found a deep blue altar of Sif Muna.
  7710 | D:6      | Noticed Duvessa
  7710 | D:6      | Noticed Dowan
  7727 | D:6      | Killed Duvessa
  7727 | D:6      | Reached skill level 7 in Short Blades
  7729 | D:6      | Killed Dowan
  8173 | D:6      | Found a deep blue altar of Sif Muna.
  8291 | D:7      | Reached skill level 10 in Armour
  9540 | D:7      | Found a sparkling altar of Nemelex Xobeh.
  9540 | D:7      | Found a sacrificial altar of Ru.
  9854 | D:8      | Reached XP level 10. HP: 60/67 MP: 15/17
  9856 | D:8      | Reached ** piety under Wu Jian
 10087 | D:8      | Reached skill level 5 in Spellcasting
 10216 | D:8      | Found a flagged portal.
 10223 | Bailey   | Entered a bailey
 10304 | Bailey   | Noticed an orc warlord
 10581 | Bailey   | Noticed an orc knight
 10645 | Bailey   | Killed an orc knight
 10820 | Bailey   | Found a runed translucent gate.
 10821 | Bailey   | Found a runed translucent gate.
 10824 | Bailey   | Found a runed translucent gate.
 10915 | Bailey   | Killed an orc warlord
 11146 | Bailey   | Reached XP level 11. HP: 83/83 MP: 19/23
 11202 | D:8      | Learned a level 1 spell: Confusing Touch
 11279 | D:8      | Learned a level 4 spell: Summon Ice Beast
 11283 | D:8      | Reached *** piety under Wu Jian
 11421 | D:8      | Found a shimmering altar of Xom.
 11644 | D:9      | Reached skill level 1 in Hexes
 11950 | D:9      | Reached skill level 5 in Air Magic
 12004 | D:9      | Reached **** piety under Wu Jian
 12094 | D:9      | Reached XP level 12. HP: 94/94 MP: 18/25
 12279 | D:10     | Entered Level 10 of the Dungeon
 12280 | D:10     | Reached skill level 1 in Ice Magic
 12327 | D:10     | Found a staircase to the Orcish Mines.
 12842 | D:10     | Found a staircase to the Lair.
 13077 | D:10     | Learned a level 3 spell: Summon Guardian Golem
 13470 | D:11     | Reached skill level 8 in Short Blades
 13484 | D:11     | Reached ***** piety under Wu Jian
 13548 | D:11     | Gained mutation: You can hop long distances. [Barachi
                  | growth]
 13548 | D:11     | Reached XP level 13. HP: 61/99 MP: 23/26
 13919 | D:11     | Reached skill level 10 in Spellcasting
 14381 | D:12     | Noticed Erolcha
 14404 | D:12     | Cast into level 1 of the Abyss (Erolcha)
 14485 | Abyss:1  | Noticed a bone dragon
 14496 | Abyss:2  | Noticed a starcursed mass
 14507 | Abyss:2  | Paralysed by accursed screaming for 1 turns
 14577 | D:12     | Escaped the Abyss
 14644 | D:12     | Learned a level 2 spell: Blink
 14692 | D:12     | Found the +10 large shield of Ignorance {rN+ Int-4}
 14700 | D:12     | Learned a level 1 spell: Apportation
 14700 | D:12     | Found a runed translucent door.
 14751 | D:12     | Reached skill level 1 in Translocations
 15070 | D:12     | Found a runed translucent door.
 15082 | D:12     | Found a runed translucent door.
 15084 | D:12     | You fall through a shaft for 3 floors!
 15084 | D:15     | Entered Level 15 of the Dungeon
 15420 | D:15     | Reached skill level 5 in Shields
 15811 | D:15     | Reached skill level 5 in Stealth
 16421 | D:14     | Reached skill level 10 in Summonings
 16797 | D:14     | Learned a level 3 spell: Conjure Flame
 16826 | D:14     | Reached skill level 1 in Conjurations
 17002 | D:13     | Reached skill level 9 in Short Blades
 17053 | D:13     | Reached skill level 1 in Fire Magic
 17578 | D:12     | Found Tuotri's General Store.
 17604 | D:12     | Bought a scroll of magic mapping for 56 gold pieces
 17628 | D:12     | Found a runed translucent door.
 17742 | D:12     | Noticed Urug
 17760 | D:12     | Killed Urug
 17892 | D:12     | Reached XP level 14. HP: 106/108 MP: 17/28
 17910 | D:12     | Identified Yjeaj's Reference Book on Dislocated Heat
 17963 | D:12     | Reached skill level 10 in Short Blades
 18613 | D:13     | Reached ****** piety under Wu Jian
 18629 | D:13     | Reached skill level 5 in Dodging
 18714 | D:13     | Found a gate to the Vaults.
 19278 | D:15     | Reached skill level 11 in Short Blades
 20093 | D:15     | Reached skill level 10 in Fighting
 20643 | D:15     | Found a staircase to the Depths.
 20813 | Lair:1   | Entered Level 1 of the Lair of Beasts
 21801 | Lair:2   | Reached skill level 12 in Short Blades
 21841 | Lair:2   | Found a large runed translucent door.
 21841 | Lair:2   | Found a large runed translucent door.
 21841 | Lair:2   | Noticed Inarius's ghost (journeyman FeFi)
 21843 | Lair:2   | Found a gate leading to a gauntlet.
 21854 | Gauntlet | Entered a Gauntlet
 21854 | Gauntlet | Found a large runed translucent door.
 21854 | Gauntlet | Found a large runed translucent door.
 21854 | Gauntlet | Found a large runed translucent door.
 21854 | Gauntlet | Found a large runed translucent door.
 21854 | Gauntlet | Found a large runed translucent door.
 21854 | Gauntlet | Found a transporter.
 21854 | Gauntlet | Found a large runed translucent door.
 21854 | Gauntlet | Found a large runed translucent door.
 21854 | Gauntlet | Found a large runed translucent door.
 21854 | Gauntlet | Found a runed translucent door.
 21854 | Gauntlet | Found a runed translucent gate.
 21854 | Gauntlet | Found a runed translucent gate.
 21854 | Gauntlet | Found a transporter.
 21854 | Gauntlet | Found a transporter.
 21854 | Gauntlet | Found a transporter.
 21854 | Gauntlet | Found a runed translucent door.
 21854 | Gauntlet | Found a runed translucent gate.
 21858 | Gauntlet | Found a large runed translucent door.
 21858 | Gauntlet | Found a large runed translucent door.
 21858 | Gauntlet | Found a large runed translucent door.
 21858 | Gauntlet | Found a large runed translucent door.
 21859 | Gauntlet | Found a large runed translucent door.
 21859 | Gauntlet | Found a large runed translucent door.
 21860 | Gauntlet | Found a large runed translucent door.
 21860 | Gauntlet | Found a large runed translucent door.
 21891 | Gauntlet | Found a transporter.
 21894 | Gauntlet | Found a transporter.
 21906 | Gauntlet | Found a transporter.
 21925 | Gauntlet | Found a transporter.
 21930 | Gauntlet | Found a transporter.
 21933 | Gauntlet | Found a transporter.
 21934 | Gauntlet | Found a runed translucent door.
 21941 | Gauntlet | Found a transporter.
 21944 | Gauntlet | Found a transporter.
 22302 | Gauntlet | Got a warped amber ring
 22314 | Gauntlet | Identified the ring "Nekotiz" {-Tele Int+4 Dex+5} (You
                  | found it in a Gauntlet)
 22525 | Gauntlet | Got a pair of heavily runed boots
 22531 | Gauntlet | Identified the +1 pair of boots of Lacotune {*Drain rPois
                  | rN+++ MR-} (You found it in a Gauntlet)
 22973 | Lair:2   | Found a staircase to the Shoals.
 23074 | Lair:2   | Found a staircase to the Snake Pit.
 23912 | Lair:3   | You fall through a shaft for 3 floors!
 23912 | Lair:6   | Entered Level 6 of the Lair of Beasts
 23932 | Lair:6   | Reached XP level 15. HP: 115/117 MP: 7/29
 24250 | Lair:5   | Found a staircase to the Slime Pits.
 26449 | Lair:6   | Reached skill level 13 in Short Blades
 26686 | Lair:6   | Found a burning altar of Makhleb.
 26892 | Lair:6   | Found a gateway to Hell.
 27324 | Lair:6   | Learned a level 5 spell: Borgnjor's Vile Clutch
 27494 | Orc:1    | Entered Level 1 of the Orcish Mines
 27592 | Orc:1    | Noticed Harold
 27599 | Orc:1    | Killed Harold
 28010 | Orc:2    | Entered Level 2 of the Orcish Mines
 28058 | Orc:2    | Found Xefracw's Assorted Antiques.
 28084 | Orc:2    | Found a staircase to the Elven Halls.
 28086 | Orc:2    | Bought a dazzling leather armour for 273 gold pieces
 28087 | Orc:2    | Identified the +1 leather armour of Free Will {Int+3 Dex+3}
                  | (You bought it in a shop on level 2 of the Orcish Mines)
 28405 | Orc:2    | Reached skill level 1 in Earth Magic
 28522 | Orc:2    | Reached skill level 1 in Necromancy
 28543 | Orc:2    | Found Raycvi's Jewellery Boutique.
 28572 | Orc:2    | Found Porui's Antique Armour Emporium.
 28681 | Orc:2    | Found a roughly hewn altar of Beogh.
 28788 | Orc:2    | Found Wuegoung's Weapon Shoppe.
 28873 | Orc:2    | Found a roughly hewn altar of Beogh.
 28893 | Orc:2    | Found Zaruseus's Distillery.
 28902 | Orc:2    | Bought a potion of might for 56 gold pieces
 28902 | Orc:2    | Bought a potion of berserk rage for 70 gold pieces
 28902 | Orc:2    | Bought a potion of berserk rage for 70 gold pieces
 28902 | Orc:2    | Bought a potion of heal wounds for 70 gold pieces
 28924 | Orc:2    | Found Icutocw's Food Shoppe.
 29005 | Orc:2    | Found a roughly hewn altar of Beogh.
 29071 | Orc:2    | Noticed an orc warlord
 29125 | Orc:2    | Killed an orc warlord
 29407 | Orc:2    | Paralysed by an orc sorcerer for 5 turns
 29592 | Orc:2    | Found a roughly hewn altar of Beogh.
 29592 | Orc:2    | Found Difrehaf's Antique Armour Boutique.
 29594 | Orc:2    | Found Karudaics's Antique Weapon Shop.
 29607 | Orc:2    | Bought a glowing hat for 210 gold pieces
 29607 | Orc:2    | Bought an ancient leather armour for 210 gold pieces
 29618 | Orc:2    | Identified the +2 leather armour of Complete Protection
                  | {MR+ Str+4} (You bought it in a shop on level 2 of the
                  | Orcish Mines)
 29705 | Orc:2    | Found a roughly hewn altar of Beogh.
 29715 | Orc:2    | Found Ehaext's Armour Shoppe.
 29987 | Snake:1  | Entered Level 1 of the Snake Pit
 30027 | Snake:1  | Noticed Kirke
 30056 | Snake:1  | Killed Kirke
 30204 | Snake:1  | Reached XP level 16. HP: 116/126 MP: 23/31
 30252 | Snake:1  | Reached skill level 14 in Short Blades
 30587 | Orc:2    | Bought an uncursed ring of wizardry for 390 gold pieces
 30596 | Orc:2    | Learned a level 6 spell: Shadow Creatures
 31036 | Snake:1  | Noticed Asterion
 31044 | Snake:1  | Found Qirarok's Gadget Shoppe.
 31190 | Snake:1  | Killed Asterion
 31474 | Snake:1  | Found Wumur's Jewellery Boutique.
 31476 | Snake:1  | Found Sisuy's Gadget Shoppe.
 31484 | Snake:1  | Bought the ring of the Death Scarab {AC+3 Int+7 SInv} for
                  | 750 gold pieces
 31510 | Snake:1  | Found Guveerec's Armour Boutique.
 31589 | Snake:1  | Bought a +1 pair of gloves of strength for 264 gold pieces
 31804 | Snake:2  | Identified 2 scrolls of acquirement
 31814 | Snake:2  | Got a dazzling large shield
 31825 | Snake:2  | Identified the +6 large shield of Free Expression {+Blink
                  | +Fly Str+2 Dex+3} (You acquired it on level 2 of the Snake
                  | Pit)
 31950 | Snake:2  | Noticed Saint Roka
 31982 | Snake:2  | Killed Saint Roka
 32491 | Snake:2  | Noticed Nikola
 32746 | Snake:2  | Got a spiked scale mail
 32764 | Snake:1  | Identified the +6 scale mail of Makhleb's Pride {Int+2}
                  | (You found it on level 2 of the Snake Pit)
 32805 | Snake:2  | Killed from afar by Nikola

Vault maps used:
D:1:      giann_wishing_wells
D:2:      gammafunk_temple_overflow_arena, first_ration
D:3:      serial_undead, serial_undead_e, serial_undead_d, serial_undead_f,
          serial_undead_c, uniq_jessica, uniq_terence, uniq_robin
D:4:      kennysheep_mini_moat, serial_column_ruins, column_ruins_hut_pillars,
          column_ruins_square_medium, column_ruins_corridor_straight,
          column_ruins_open_small_water, column_ruins_columns_corner,
          column_ruins_columns_straight, serial_bayou_pond_e, minmay_small_thing
D:5:      wad_lake_hut, marbit_many_paths, minmay_temple_entry_antechambers
D:6:      gammafunk_temple_overflow_statue, roderic_roman_lattice,
          lemuel_blue_sif_altar, uniq_duvessa, uniq_sigmund
D:7:      nicolae_overflow_hidden_temple,
          chequers_temple_overflow_statue_of_worship
D:8:      enter_bailey_2, xom_teletrap_fun
D:9:      minmay_chambers_of_sixes, hangedman_little_slice_of_home,
          minmay_nine_imps
D:10:     lair_entry_dummy, orc_0_dummy
D:12:     cheibrodos_histonic, serial_shops, shop,
          chequers_guarded_unrand_ignorance, uniq_erolcha, uniq_urug
D:13:     ximxim_vaults_locker_room, st_stairs_11
D:14:     serial_bayou_lagoon_a
D:15:     grunt_enter_depths_magical_seal, hangedman_decor_growths
Temple:   jpeg_temple_clearing
Lair:1:   lemuel_fruit_tree
Lair:2:   minmay_shoals_entry_hut, guppyfry_snake_entry_island,
          gauntlet_entry_generic, ebering_ghost_disaster_area,
          lemuel_old_faithful, lemuel_fruit_fields, minmay_lair_oklob_chamber
Lair:3:   patterned_corridor, grunt_megastairs_2
Lair:4:   kennysheep_catoblepas_arena
Lair:5:   nicolae_slime_entry_slimehenge
Lair:6:   evil_forest, infiniplex_staircase_pool
Snake:1:  serial_shops, nicolae_shop_stone, minmay_shop_grove, uniq_kirke,
          uniq_asterion
Snake:2:  uniq_saint_roka, uniq_nikola
Orc:1:    mines_bat_river, uniq_harold
Orc:2:    grunt_orc_community_town_hall, grunt_orc_community_big_house_2,
          grunt_orc_community_big_house_2, grunt_orc_community_house_2,
          grunt_orc_community_house_1, grunt_orc_community_house_1,
          grunt_orc_community_house_2, grunt_orc_community_house_1,
          serial_shops, nicolae_shop_statue_plus,
          nicolae_shop_overgrown_old_shop, shop_fountains, shop_statue,
          nicolae_shop_behind_doors, guppyfry_library_mini
Abyss:1:  evilmike_abyss_exit_4, due_exit_kobolds
Abyss:2:  hangedman_cross_veins, eino_small_chamber_without_monster,
          abyss_furniture_001
Bailey:   bailey_axe_bossmonster_kennysheep, bailey
Gauntlet: minmay_gauntlet_mixed_big_or_small

Skill      XL: |  1  2  3  4  5  6  7  8  9 10 11 12 13 14 15 16 |
---------------+-------------------------------------------------+-----
Summonings     | 5 6 7 9 10 11 12 | 12.0
Stealth        | 2 5 |  5.1
Spellcasting   | 3 4 8 9 10 11 | 11.1
Short Blades   | 1 2 3 4 6 7 8 9 12 13 14 | 14.0
Fighting       | 1 6 8 9 10 11 | 11.4
Air Magic      | 1 2 4 5 6 8 |  8.2
Armour         | 2 5 8 11 13 | 13.0
Hexes          | 2 3 |  3.5
Shields        | 4 6 7 |  7.9
Ice Magic      | 2 3 |  3.1
Dodging        | 4 6 7 8 |  8.4
Translocations | 1 3 |  3.0
Conjurations   | 3 |  3.5
Fire Magic     | 2 3 |  3.0
Earth Magic    | 2 4 |  4.8
Necromancy     | 1 4 |  4.1

Action                   |  1- 3 |  4- 6 |  7- 9 | 10-12 | 13-15 | 16-18 || total
-------------------------+-------+-------+-------+-------+-------+-------++-------
Melee: Club              |    63 |       |       |       |       |       ||    63
       Unarmed           |     1 |       |       |       |       |       ||     1
       Short sword       |    30 |       |       |       |       |       ||    30
       Dagger            |     7 |   164 |   470 |   133 |       |       ||   774
       Rapier            |       |       |       |   227 |  1600 |   120 ||  1947
       Quick blade       |       |       |       |       |       |    37 ||    37
 Cast: Summon Small Mamm |    16 |       |       |       |       |       ||    16
       Call Imp          |     9 |     8 |       |     1 |       |       ||    18
       Summon Lightning  |       |       |       |    37 |   232 |    38 ||   307
       Summon Ice Beast  |       |       |       |     2 |    86 |    19 ||   107
       Confusing Touch   |       |       |       |       |    15 |     3 ||    18
       Conjure Flame     |       |       |       |       |    12 |     3 ||    15
       Apportation       |       |       |       |       |     3 |       ||     3
       Summon Guardian G |       |       |       |       |     7 |     6 ||    13
       Shadow Creatures  |       |       |       |       |       |    11 ||    11
Invok: Lunge             |       |       |    19 |    45 |   171 |    28 ||   263
       Whirlwind         |       |       |       |    52 |   382 |    38 ||   472
       Serpent's Lash    |       |       |       |     1 |     2 |       ||     3
       Heavenly Storm    |       |       |       |       |     1 |       ||     1
 Abil: Hop               |       |       |     2 |     1 |     5 |     2 ||    10
       Wall Jump         |       |       |       |       |     1 |       ||     1
Evoke: Wand              |       |       |     5 |       |     4 |       ||     9
  Use: Scroll            |       |       |     6 |    12 |    17 |     9 ||    44
       Potion            |       |       |       |     2 |     1 |     1 ||     4
 Stab: Distracted        |     1 |       |       |     3 |    15 |     4 ||    23
       Sleeping          |     3 |     1 |       |     4 |    14 |       ||    22
       Confused          |       |       |       |       |     7 |     2 ||     9
  Eat: Chunk             |     5 |     9 |    16 |    16 |    52 |     4 ||   102
       Ration            |       |       |     1 |       |    11 |     4 ||    16
Armor: Robe              |    22 |    20 |       |    18 |       |       ||    60
       Skin              |       |     3 |       |       |       |       ||     3
       Chain mail        |       |    18 |   223 |    78 |       |       ||   319
       Troll leather arm |       |       |       |    22 |   242 |       ||   264
       Ring mail         |       |       |       |       |    34 |       ||    34
       Leather armour    |       |       |       |       |     6 |    16 ||    22
       Scale mail        |       |       |       |       |       |     3 ||     3
Dodge: Dodged            |    72 |    65 |   104 |   222 |   773 |    77 ||  1313
Block: Buckler           |     4 |    14 |    50 |    49 |   264 |    11 ||   392
       Large shield      |       |       |       |       |       |    21 ||    21
       Shield            |       |       |       |       |       |    13 ||    13

Table legend:
 A = Non-vault XP
 B = Vault XP
 C = Vault XP percentage of total XP
 D = Non-vault monster count
 E = Vault monster count
 F = Vault count percentage of total count
                 A         B        C        D         E       F
            +---------+---------+-------+---------+---------+-------
      Total |   92408 |   40401 |  30.4 |     655 |     274 |  29.5
            +---------+---------+-------+---------+---------+-------
        D:1 |      31 |       0 |   0.0 |      24 |       0 |   0.0
        D:2 |     183 |       0 |   0.0 |      21 |       0 |   0.0
        D:3 |      62 |     116 |  65.2 |      17 |      18 |  51.4
        D:4 |     159 |       2 |   1.2 |      12 |       1 |   7.7
        D:5 |    1272 |     125 |   8.9 |      36 |       1 |   2.7
        D:6 |     794 |     435 |  35.4 |      16 |       3 |  15.8
        D:7 |    1110 |       0 |   0.0 |      24 |       0 |   0.0
        D:8 |    1014 |       0 |   0.0 |      23 |       0 |   0.0
        D:9 |    1203 |     478 |  28.4 |      28 |      22 |  44.0
       D:10 |    1555 |       0 |   0.0 |      28 |       0 |   0.0
       D:11 |    3543 |       0 |   0.0 |      32 |       0 |   0.0
       D:12 |    1970 |    4051 |  67.3 |      21 |      21 |  50.0
       D:13 |    6887 |    2525 |  26.8 |      46 |      14 |  23.3
       D:14 |    5679 |     577 |   9.2 |      21 |       3 |  12.5
       D:15 |   13192 |    2239 |  14.5 |      49 |       8 |  14.0
     Lair:1 |    2266 |       0 |   0.0 |      14 |       0 |   0.0
     Lair:2 |    4267 |    1685 |  28.3 |      23 |       9 |  28.1
     Lair:3 |    5006 |     403 |   7.5 |      20 |       1 |   4.8
     Lair:4 |    2085 |    1249 |  37.5 |      11 |       3 |  21.4
     Lair:5 |    2833 |      53 |   1.8 |      16 |       5 |  23.8
     Lair:6 |   11865 |    8205 |  40.9 |      42 |      26 |  38.2
    Snake:1 |   15096 |    2792 |  15.6 |      47 |       4 |   7.8
    Snake:2 |    5580 |    3994 |  41.7 |      22 |      13 |  37.1
      Orc:1 |    1577 |     619 |  28.2 |      33 |       6 |  15.4
      Orc:2 |    3179 |    5889 |  64.9 |      29 |      75 |  72.1
     Bailey |       0 |    2146 | 100.0 |       0 |      27 | 100.0
   Gauntlet |       0 |    2818 | 100.0 |       0 |      14 | 100.0
            +---------+---------+-------+---------+---------+-------
